 BcadrenCrawl: Boulder Brew version 0.03.3.1-19-g2523139174 (webtiles) character file.

Game seed: 14150644502844491704, levelgen mode: deterministic

7112 Chiseanne the Covert (level 11, -4/65 HPs) Goblin Demonspawn. Began on Mar 15, 2021. Was an Initiate of Gozag Ym Sagoz. Slain by an orc warrior ... wielding a cursed +0 dire flail of protection {(Curse: Fragile)} (30 damage) ... on level 4 of the Dungeon. The game lasted 00:22:10 (5370 turns).

Chiseanne the Covert (Goblin Demonspawn)            Turns: 5370, Time: 00:22:10

Health: -4/65      AC:  7    Str:  8    XL:     11 ^: 5288
Magic:  11/11      EV: 21    Int:  6    God:    Gozag Ym Sagoz
Gold:   688        SH:  0    Dex: 11    Spells: 11/12 levels left

rFire    . . .     Vision   .   a - +0 rapier (molten)
rCold    . . .     Gourm    .   e - +0 rapier (pierce)
rNeg     . . .     Faith    .   b - +2 robe {soft}
rPois    .         Spirit   .   (no helmet)
rElec    .         Reflect  .   o - +0 cloak
rCorr    .         Harm     .   (no gloves)
MR       .....                  (boots unavailable)
Stlth    ++++++....             (no amulet)
HPRegen  0.31/turn              j - ring of stealth
MPRegen  0.21/turn              f - ring of dexterity

@: gold aura
A: small, stagnant stats, goblin's greed, hooves 3, yellow scales 1, low mp 1,
mutation resistance 1, nightstalker 1, spiny 1, god's pity 2
a: Potion Petition, Call Merchant, Bribe Branch, Renounce Religion


You were on level 4 of the Dungeon.
You worshipped Gozag Ym Sagoz.
Gozag Ym Sagoz was pleased with you.
You were full.

You visited 2 branches of the dungeon, and saw 6 of its levels.

You collected 1092 gold pieces.
You paid 625 gold pieces to Gozag.

Inventory:

Weapons
 a - a +0 rapier of molten steel (weapon)
 e - a +0 rapier of piercing (weapon)
 w - a +4 shortbow of molten steel Shields
 l - a +2 heater shield of reflection
Armour
 b - a +2 robe of softness (worn)
 o - a +0 cloak (worn)
 s - a +0 robe of cold resistance
Jewellery
 f - a ring of dexterity (right hand)
 g - a cursed ring of poison resistance {(Curse: Stlth-)}
 i - a cursed ring of protection {(Curse: -Vis)}
 j - a ring of stealth (left hand)
 t - an uncursed ring of ice
Scrolls
 c - 2 scrolls of bless item
 h - 2 scrolls of blinking
 n - 4 scrolls of fog
 p - 3 scrolls of amnesia
Potions
 k - 3 potions of mutation
 u - a potion of brilliance
 v - a potion of curing
Comestibles
 d - 9 rations


   Skills:
 - Level 2.4 Fighting
 * Level 11.7 Short Blades
 * Level 12.0 Dodging
 * Level 12.2 Stealth
 - Level 1.3 Spellcasting
 - Level 2.6 Fire Magic
   Level 4.0 Invocations


You had 11 spell levels left.
You knew the following spells:

 Your Spells              Type           Power        Failure   Level  Hunger
a - Flame Tongue          Fire           3 (30)       14%         1    ##.....

Your spell library contained the following spells:

 Spells                   Type           Power        Failure   Level  Hunger
 Conjure Flame            Fire           3 (100)      41%         3    ####...
 Blink                    Tloc           N/A          54%         2    ###....
 Call Imp                 Summ           0 (100)      54%         2    ###....
 Slow                     Hex            0 (100)      54%         2    ###....
 Mephitic Cloud           Pois/Air       0 (100)      78%         3    ####...


Dungeon Overview and Level Annotations

Branches:
Dungeon (5/8)              Temple (1/1) D:4            Lair (0/6) D:5

Altars:
Fedhas Madash
Gozag Ym Sagoz
Kikubaaqudgha
Makhleb
Nemelex Xobeh
Vehumet
Yredelemnul

Shops:
D:3 *   D:4 =


Innate Abilities, Weirdness & Mutations

Your stats never grow through leveling.
Your goblin ancestry allows you to find more gold. (+20%)
You are small and have problems with some larger weapons.
You have hooves in place of feet.
You are partially covered in yellow scales. (AC +2)
Your magical capacity is low. (-10% MP)
You are somewhat resistant to further mutation.
You are slightly more attuned to the shadows.
You are partially covered in sharp spines.
The pity of the gods increases the power of your passive and invoked divine abilities.


Message History

The bullfrog zombie barely misses you (0).
You hit the bullfrog zombie (4). You burn the bullfrog zombie (2).
You destroy the bullfrog zombie!
The orc warrior hits you with a cursed +0 dire flail of protection {(Curse: Fragile)} (7)!
You climb upwards.
There is a stone staircase leading down, spattered with blood here.
You hit the orc warrior but do no damage. x2
The orc warrior hits you with a cursed +0 dire flail of protection {(Curse: Fragile)} (12)!
You hit the orc warrior (5). You burn the orc warrior (5).
You hit the orc warrior but do no damage.
Your kick misses the orc warrior.
The orc warrior completely misses you (0).
You hit the orc warrior but do no damage.
You hit the orc warrior (1).
The orc warrior hits you with a cursed +0 dire flail of protection {(Curse: Fragile)} (22)!!
You barely miss the orc warrior.
You hit the orc warrior but do no damage.
The orc warrior hits you with a cursed +0 dire flail of protection {(Curse: Fragile)} (30)!!
You die...
Your body crumbles into a pile of gold.

....###.##............#
.##.....##)...........#
.....####.............#
8.8..# #.............#
.⌠..## #.............#
>.8.# ########'######
.⌠..## #.# 8.8..#
#######)# .....#
#.....#@#####
..#..#####......o....#
.....................#
...####..............#
##.####.##.#......####
#....#.##.###....##
##.##.#.##...'.....#
......#.######.....###
#######.# #.......#


You could see an orc warrior.

Vanquished Creatures
  2 two-headed ogres
  A hydra (D:4)
  A death yak (D:4)
  2 dream sheep (D:4)
  A hornet (D:4)
  7 yaks
  A hippogriff (D:5)
  A necrophage (D:4)
  A scorpion (D:5)
  2 water moccasins (D:5)
  2 orc warriors (D:4)
  A porcupine (D:3)
  An ice beast (D:4)
  2 sky beasts (D:4)
  3 ogres
  4 big kobolds
  3 bullfrogs
  A meliai zombie (D:3)
  2 centaurs (D:5)
  6 howler monkeys
  A quasit (D:3)
  A wight (D:4)
  A jelly (D:4)
  A crimson imp (D:4)
  4 orc priests
  4 hounds
  8 orc wizards
  8 worker ants
  7 giant cockroaches
  An iron imp (D:4)
  3 bullfrog zombies
  3 bullfrog skeletons
  5 adders
  5 cinder newts
  A worm (D:3)
  2 killer bee zombies (D:5)
  2 oozes
  2 dart slugs (D:1)
  4 leopard geckos
  19 orcs
  3 bats (D:1)
  4 goblins (D:1)
  6 hobgoblins
  3 jackals (D:5)
  2 quokkas
  10 kobolds
  A rat (D:1)
155 creatures vanquished.

Vanquished Creatures (collateral kills)
  A scorpion (D:4)
  4 wights (D:4)
  An orc (D:4)
6 creatures vanquished.

Vanquished Creatures (others)
  A dart slug (D:3)
  An orc (D:3)
  5 withered plants (D:2)
7 creatures vanquished.

Grand Total: 168 creatures vanquished

Notes
Turn   | Place    | Note
-------+----------+-------------------------------------------
     0 | D:1      | Chiseanne the Goblin Demonspawn began the quest for the
                  | Orb.
     0 | D:1      | Reached XP level 1. HP: 13/13 MP: 2/2
   205 | D:1      | Gained mutation: You have large cloven feet. [demonic
                  | ancestry]
   205 | D:1      | Reached XP level 2. HP: 18/18 MP: 3/3
   264 | D:1      | Gained mutation: You are partially covered in yellow
                  | scales. (AC +2) [demonic ancestry]
   264 | D:1      | Reached XP level 3. HP: 24/24 MP: 4/4
   408 | D:1      | Reached XP level 4. HP: 29/29 MP: 5/5
   847 | D:2      | Reached skill level 5 in Dodging
   888 | D:2      | Noticed a bullfrog
   895 | D:3      | Noticed an ogre
   899 | D:3      | Killed an ogre
   899 | D:3      | Gained mutation: You have hoof-like feet. [demonic
                  | ancestry]
   899 | D:3      | Reached XP level 5. HP: 14/35 MP: 6/6
  1051 | D:3      | Gained mutation: You have hooves in place of feet. [demonic
                  | ancestry]
  1051 | D:3      | Reached XP level 6. HP: 41/41 MP: 7/7
  1174 | D:3      | Reached skill level 5 in Short Blades
  1311 | D:3      | Found Epucwarph's General Store.
  1312 | D:3      | Noticed a porcupine
  1326 | D:3      | Killed a porcupine
  1326 | D:3      | Gained mutation: You are partially covered in sharp spines.
                  | [demonic ancestry]
  1326 | D:3      | Reached XP level 7. HP: 20/45 MP: 8/8
  1454 | D:3      | Reached skill level 5 in Stealth
  1690 | D:3      | Reached XP level 8. HP: 26/51 MP: 8/8
  2450 | D:4      | Found a staircase to the Ecumenical Temple.
  2587 | Temple   | Entered the Ecumenical Temple
  2609 | Temple   | Became a worshipper of Gozag Ym Sagoz the Greedy
  2680 | D:4      | Reached XP level 9. HP: 55/55 MP: 9/9
  3078 | D:4      | Noticed a two-headed hydra
  3083 | D:4      | Killed a two-headed hydra
  3083 | D:4      | Reached skill level 10 in Dodging
  3083 | D:4      | Reached skill level 10 in Stealth
  3083 | D:4      | Gained mutation: You are slightly more attuned to the
                  | shadows. [demonic ancestry]
  3083 | D:4      | Reached XP level 10. HP: 44/61 MP: 10/10
  3099 | D:4      | Reached skill level 10 in Short Blades
  3351 | D:5      | Entered Level 5 of the Dungeon
  3766 | D:5      | Found a staircase to the Lair.
  3766 | D:5      | Noticed a death yak
  3766 | D:5      | Noticed a death yak
  3766 | D:5      | Noticed a death yak
  3766 | D:5      | Noticed a two-headed ogre
  3781 | D:4      | HP: 2/61 [death yak (25)]
  3786 | D:4      | Killed a death yak
  4376 | D:4      | Killed a two-headed ogre
  4376 | D:4      | Reached XP level 11. HP: 47/65 MP: 11/11
  4652 | D:5      | Noticed a two-headed ogre
  4785 | D:5      | HP: 2/65 [two-headed ogre/cursed +4 giant spiked club
                  | {(Curse: Fragile)} (27)]
  4788 | D:5      | Killed a two-headed ogre
  5282 | D:5      | Found a sparkling altar of Nemelex Xobeh.
  5370 | D:4      | Slain by an orc warrior

Levels and vault maps discovered:
D:1:      dpeg_arrival_long_road, layout_loops_ring
D:2:      layout_sewer, nicolae_overflow_crystal_walls, first_ration
D:3:      cheibrodos_thug_alley, layout_loops_ring, serial_shops, shop
D:4:      layout_basic, minmay_temple_entry_statues_fountains, hangedman_ranch
          [blue_anna_fruit_fields]
D:5:      layout_cave_pools, lemuel_crystal_altar,
          lemuel_coloured_pillars_altar, dpeg_lair_monsters,
          portal_ice_cave_entry_pillars_1
Temple:   nicolae_temple_elliptical

Skill      XL: |  1  2  3  4  5  6  7  8  9 10 11 |
---------------+----------------------------------+-----
Short Blades   | 3 4 5 6 7 9 11 | 11.7
Fighting       | 2 |  2.4
Dodging        | 5 6 7 8 10 11 12 | 12.0
Stealth        | 3 4 6 7 10 11 12 | 12.2
Spellcasting   | |  1.3
Fire Magic     | |  2.6
Invocations    | |  4.0

Action                   |  1- 3 |  4- 6 |  7- 9 | 10-12 || total
-------------------------+-------+-------+-------+-------++-------
Melee: Rapier            |    42 |    39 |   156 |   161 ||   398
       Short sword       |    24 |    28 |    20 |       ||    72
       Unarmed           |     5 |       |    10 |     4 ||    19
       Kick              |     1 |     4 |    25 |    18 ||    48
 Fire: Shortbow          |       |       |       |     7 ||     7
Invok: Call Merchant     |       |       |       |     1 ||     1
Evoke: Wand              |       |     1 |     6 |       ||     7
       Box of beasts     |       |       |     1 |       ||     1
  Use: Scroll            |       |       |     3 |     1 ||     4
       Potion            |       |       |       |     6 ||     6
 Stab: Sleeping          |     2 |     5 |    12 |       ||    19
       Distracted        |       |       |     1 |     1 ||     2
  Eat: Chunk             |       |     2 |     5 |       ||     7
       Ration            |       |       |       |     4 ||     4
Armor: Leather armour    |     4 |     4 |    15 |       ||    23
       Skin              |       |       |     1 |       ||     1
       Robe              |       |       |       |    11 ||    11
Dodge: Dodged            |    40 |    30 |    75 |   117 ||   262
